 Dungeon Crawl Stone Soup version 0.24-a0-479-g9a978d2 (webtiles) character file.

Game seed: 257889982568035384

148 ssg the Skirmisher (level 5, 42/44 HPs)
             Began as a Demonspawn Gladiator on July 9, 2019.
             Quit the game on level 2 of the Dungeon.
             The game lasted 00:03:57 (1915 turns).

ssg the Skirmisher (Demonspawn Gladiator)           Turns: 1915, Time: 00:03:58

Health: 42/44      AC:  5    Str: 15    XL:     5   Next: 8%
Magic:  5/5        EV: 12    Int: 10    God:
Gold:   101        SH:  0    Dex: 14    Spells: 4/4 levels left

rFire    + . .     SeeInvis .   a - +0 long sword
rCold    . . .     Gourm    .   (no shield)
rNeg     . . .     Faith    .   b - +0 leather armour
rPois    .         Spirit   +   (helmet restricted)
rElec    .         Reflect  .   (no cloak)
rCorr    .         Harm     .   (no gloves)
MR       .....                  (no boots)
Stlth    +.........             s - amulet of guardian spirit
HPRegen  0.14/turn              t - ring of protection from fire
MPRegen  0.09/turn              (no ring)

@: no status effects
A: antennae 1, icy blue scales 1, powered by pain 1
a: no special abilities


You were on level 2 of the Dungeon.
You were not hungry.

You visited 1 branch of the dungeon, and saw 2 of its levels.

You collected 101 gold pieces.

Inventory:

Hand Weapons
 a - a +0 long sword (weapon)
Missiles
 d - 3 throwing nets (quivered)
Armour
 b - a +0 leather armour (worn)
 c - a +0 helmet
Jewellery
 i - an uncursed amulet of the acrobat
 o - an uncursed amulet of the gourmand
 s - an amulet of guardian spirit (around neck)
 t - a ring of protection from fire (left hand)
Scrolls
 g - a scroll of amnesia {unknown}
 h - 2 scrolls of identify {unknown}
 k - 2 scrolls of remove curse {unknown}
 l - a scroll of teleportation {unknown}
 n - a scroll of noise {unknown}
 p - a scroll of immolation {unknown}
Potions
 e - a potion of magic {unknown}
 j - a potion of ambrosia {unknown}
 m - a potion of heal wounds {unknown}
 q - a potion of curing {unknown}
 r - a potion of berserk rage {unknown}
Comestibles
 f - 5 rations


   Skills:
 + Level 5.3 Fighting
 - Level 2.6 Long Blades
 - Level 1.7 Throwing
 - Level 2.6 Dodging


You had 4 spell levels left.
You didn't know any spells.
Your spell library was empty.

Dungeon Overview and Level Annotations

Branches:
Dungeon (2/15)

Altars:
Fedhas


Innate Abilities, Weirdness & Mutations

You have a pair of small antennae on your head.
You are partially covered in icy blue scales. (AC +2)
You sometimes gain a little power by taking damage.


Message History

You kill the worm!
You have reached level 5!
Your demonic ancestry asserts itself...
A pair of antennae grows on your head!
Your +0 helmet falls away!
The adder barely misses you.
You closely miss the adder. The adder barely misses you.
You barely miss the adder. The adder barely misses you.
You riposte.
You barely miss the adder. The adder barely misses you.
You slash the adder!
The adder is almost dead.
The adder completely misses you. The adder misses you.
You slash the adder!
You kill the adder!
No target in view!
No target in view!
Your library has no spells.
Sorry, you're not good enough to have a special ability.
You start resting.
Magic restored.
Are you sure you want to abandon this character and quit the game? (Confirm with "yes".)

###.# #.#
###.# #...#
#.### #.# #.#
#############
#.#
#...........#
#.#
#.#########@#
#.####.######
#†#
#...........#
#.#
######.####.#
#.# #.# #.#
#.# #.# #.#
#.#
###.####.#
#.#
#..........


There were no monsters in sight!

Vanquished Creatures
  A scorpion (D:2)
  3 adders (D:2)
  3 worms (D:2)
  3 dart slugs
  3 leopard geckos
  8 bats
  A giant cockroach (D:2)
  4 goblins
  5 hobgoblins
  6 jackals (D:1)
  4 frilled lizards
  10 kobolds
  6 rats
57 creatures vanquished.

Notes
Turn   | Place    | Note
-------+----------+-------------------------------------------
     0 | D:1      | ssg the Demonspawn Gladiator began the quest for the Orb.
     0 | D:1      | Reached XP level 1. HP: 16/16 MP: 1/1
    57 | D:1      | Gained mutation: You are partially covered in icy blue
                  | scales. (AC +2) [demonic ancestry]
    57 | D:1      | Reached XP level 2. HP: 16/23 MP: 2/2
    95 | D:1      | Reached skill level 3 in Fighting
   341 | D:1      | Reached XP level 3. HP: 29/29 MP: 3/3
   737 | D:2      | Noticed a scorpion
   753 | D:2      | Killed a scorpion
   753 | D:2      | Reached skill level 4 in Fighting
   753 | D:2      | Gained mutation: You sometimes gain a little power by
                  | taking damage. [demonic ancestry]
   753 | D:2      | Reached XP level 4. HP: 23/38 MP: 4/4
  1367 | D:2      | Reached skill level 5 in Fighting
  1554 | D:2      | Found a blossoming altar of Fedhas.
  1898 | D:2      | Gained mutation: You have a pair of small antennae on your
                  | head. [demonic ancestry]
  1898 | D:2      | Reached XP level 5. HP: 39/44 MP: 3/5
  1915 | D:2      | Quit the game

Levels and vault maps discovered:
D:1:      grunt_arrival_crossed_arrows, layout_basic
D:2:      layout_loops_ring, lemuel_doored_altar, first_ration,
          serial_bayou_pond_a

Skill      XL: |  1  2  3  4 |
---------------+-------------+-----
Fighting       | 3 4 5 |  5.3
Long Blades    | |  2.6
Throwing       | |  1.7
Dodging        | |  2.6

Action                   |  1- 3 |  4- 6 || total
-------------------------+-------+-------++-------
Melee: Long sword        |    95 |    78 ||   173
 Stab: Sleeping          |       |     2 ||     2
  Eat: Chunk             |       |     4 ||     4
Armor: Leather armour    |    40 |    32 ||    72
Dodge: Dodged            |    93 |    57 ||   150
       Rpst.: Long sword |    38 |    21 ||    59

Table legend:
 A = Non-vault XP
 B = Vault XP
 C = Vault XP percentage of total XP
 D = Non-vault monster count
 E = Vault monster count
 F = Vault count percentage of total count
                 A         B        C        D         E       F
            +---------+---------+-------+---------+---------+-------
      Total |     212 |       0 |   0.0 |      57 |       0 |   0.0
            +---------+---------+-------+---------+---------+-------
        D:1 |      60 |       0 |   0.0 |      33 |       0 |   0.0
        D:2 |     152 |       0 |   0.0 |      24 |       0 |   0.0
            +---------+---------+-------+---------+---------+-------
